 Dungeon Crawl Stone Soup version 0.29-a0-551-gffc1d7fb78 (webtiles) character file.

Game seed: 4477227820585265754

219 Sabo the Ruffian (level 5, -7/41 HPs)
             Began as a Draconian Transmuter on June 5, 2022.
             Was a Follower of Elyvilon.
             Killed by divine providence
             ... invoked by an orc priest
              (15 damage)
             ... on level 3 of the Dungeon.
             The game lasted 00:19:31 (3979 turns).

Sabo the Ruffian (Draconian Transmuter)             Turns: 3979, Time: 00:19:31

Health: -7/41      AC:  5    Str: 15    XL:     5   Next: 63%
Magic:  9/9        EV: 12    Int: 13    God:    Elyvilon [*.....]
Gold:   103        SH:  0    Dex: 11    Spells: 8/9 levels left

rFire   . . .      SeeInvis .   k - +3 hand axe of an ice cave {flame, rC- rN++}
rCold   x . .      Faith    .   (no shield)
rNeg    + + .      Spirit   .   (body armour unavailable)
rPois   .          Reflect  .   (helmet restricted)
rElec   .          Harm     .   a - scarf {repulsion}
rCorr   .          Rampage  .   (no gloves)
Will    .....                   (no boots)
Stlth   ++........              (no amulet)
HPRegen 0.13/turn               (no ring)
MPRegen 0.11/turn               (no ring)

@: repel missiles
A: AC +5, unfitting armour, cold-blooded
a: Renounce Religion, Purification


You were on level 3 of the Dungeon.
You worshipped Elyvilon.
Elyvilon was aware of your devotion.
You visited 1 branch of the dungeon, and saw 3 of its levels.

You collected 103 gold pieces.

Inventory:

Hand Weapons
 h - a +0 trident
 j - a +0 hunting sling
 k - the +3 hand axe of an ice cave (weapon) {flame, rC- rN++}
   (You found it on level 3 of the Dungeon)

   It burns those it strikes, dealing additional fire damage.
   Big, fiery blades are also staple armaments of hydra-hunters.
   rC:        It makes you vulnerable to cold.
   rN:        It greatly protects you from negative energy.
 q - the +6 dagger "Killer Bee's Peril" {spect, Fragile rF- rN+ Will+++}
   (You found it on level 3 of the Dungeon)

   When its wielder attacks, the weapon's spirit leaps out and strikes again.
   The spirit shares a part of any damage it takes with its wielder.
   rF:        It makes you vulnerable to fire.
   rN:        It protects you from negative energy.
   Fragile:   It will be destroyed if unequipped.
   Will:      It greatly increases your willpower.
 s - a +2 whip of venom
Missiles
 b - 4 atropa-tipped darts
 e - 3 poisoned darts (quivered)
 g - 6 datura-tipped darts
Armour
 a - a scarf of repulsion (worn)
Jewellery
 n - a ring of ice
Scrolls
 c - a scroll of blinking
 r - a scroll of poison {unknown}
Potions
 d - a potion of heal wounds {unknown}
 f - a potion of flight
 i - a potion of might
 l - a potion of attraction {unknown}
 m - a potion of brilliance {unknown}
 o - a potion of curing {unknown}
 p - a potion of resistance {unknown}


   Skills:
 + Level 1.7 Fighting
 + Level 0.4 Short Blades
 + Level 0.2(1.6) Axes
 + Level 2.6 Polearms
 + Level 0.5(0.6) Slings
 + Level 0.2(0.4) Throwing
 + Level 2.2 Dodging
 + Level 1.3 Stealth
 + Level 3.4 Unarmed Combat
 + Level 2.9 Spellcasting
 + Level 2.7 Transmutations


You had 8 spell levels left.
You knew the following spells:

 Your Spells              Type           Power      Damage    Failure   Level
a - Beastly Appendage     Tmut           18%        N/A       8%          1

Your spell library contained the following spells:

 Spells                   Type           Power      Damage    Failure   Level
 Wereblood                Tmut           9%         N/A       12%         2
 Spider Form              Tmut/Pois      5%         N/A       36%         3
 Ice Form                 Ice/Tmut       5%         N/A       78%         4


Dungeon Overview and Level Annotations

Branches:
Dungeon (3/15)

Altars:
Elyvilon

Shops:
D:3 [


Innate Abilities, Weirdness & Mutations

Your plain brown scales are hard. (AC +5)
You cannot fit into any form of body armour.
You are cold-blooded and may be slowed by cold attacks.


Message History

The orc is heavily wounded.
The orc hits you but does no damage.
The orc priest calls upon Beogh to heal the orc.
The orc's wounds heal themselves!
The orc closely misses you.
You hit the orc. You burn the orc.
The orc is heavily wounded.
The orc hits you but does no damage.
The orc priest calls upon Beogh to heal the orc.
The orc's wounds heal themselves!
Your magical contamination has completely faded away.
You hit the orc. You burn the orc.
You kill the orc!
The orc priest mumbles some strange prayers to Beogh against you.
Beogh smites you!
You closely miss the orc. The orc hits you with a +0 club.
You barely miss the orc. The orc misses you. The orc hits you with a +0 club.
You hit the orc. You burn the orc.
You kill the orc!
You closely miss the orc priest.
The orc priest calls down the wrath of Beogh upon you.
Beogh smites you!
* * * LOW HITPOINT WARNING * * *
You hit the orc priest. You burn the orc priest. You tail-slap the orc priest.
The orc priest is almost dead.
The orc priest hits you with a +0 dagger.
Elyvilon protects you from harm!
You hit the orc priest. You burn the orc priest.
You kill the orc priest!
Items here: )))) [ ††.
Items here: )))) [ ††.
Okay, then.
You start resting.
An orc priest comes into view. It is wielding a +0 club.
Items here: )))) [ ††.
The orc priest begins to cast a cantrip, but forgets the words!
You hit the orc priest. You burn the orc priest.
The orc priest is heavily wounded.
The orc priest invokes the aid of Beogh against you.
Beogh smites you!
You die...

###### #^...# #....#
##########....#
#.......##....#
#######.......##....#
......#.......##....#
..............##....#...
...............)@.......
......#.###...##o...#..#
......#.###...##....# #
.###.##.....#.##....#
.###.##.##..#.........
.........#..#.#.....#..
.....##.......#.###.#..#
.....##..##.....# .# .#
[....)..........


You could see an orc priest.

Vanquished Creatures
  An ogre (D:3)
  An orc priest (D:3)
  Jessica (D:3)
  2 adders (D:3)
  2 worms (D:2)
  3 dart slugs
  3 orcs (D:3)
  5 bats
  2 endoplasms
  2 giant cockroaches (D:2)
  4 goblins
  5 hobgoblins
  2 jackals (D:3)
  2 quokkas
  3 ball pythons
  3 frilled lizards (D:1)
  4 kobolds
  4 rats
49 creatures vanquished.

Notes
Turn   | Place    | Note
-------+----------+-------------------------------------------
     0 | D:1      | Sabo the Draconian Transmuter began the quest for the Orb.
     0 | D:1      | Reached XP level 1. HP: 16/16 MP: 3/3
   353 | D:1      | Reached XP level 2. HP: 20/23 MP: 3/5
  2014 | D:2      | Reached XP level 3. HP: 16/28 MP: 4/6
  2912 | D:3      | Reached skill level 1 in Polearms
  3357 | D:3      | Reached skill level 1 in Stealth
  3357 | D:3      | Reached XP level 4. HP: 27/35 MP: 7/7
  3423 | D:3      | Identified the +6 dagger "Killer Bee's Peril" {spect,
                  | Fragile rF- rN+ Will+++}
  3428 | D:3      | Noticed an ogre
  3440 | D:3      | Killed an ogre
  3441 | D:3      | Reached XP level 5. HP: 29/40 MP: 5/9
  3549 | D:3      | Found a faded altar of an unknown god.
  3558 | D:3      | Prayed at the altar of an unknown god.
  3558 | D:3      | Became a worshipper of Elyvilon the Healer
  3558 | D:3      | Reached * piety under Elyvilon
  3723 | D:3      | Identified the +3 hand axe of an ice cave {flame, rC- rN++}
  3769 | D:3      | Noticed Jessica
  3780 | D:3      | Killed Jessica
  3845 | D:3      | Found Azuixt's Armour Emporium.
  3946 | D:3      | Elyvilon protects you from harm!
  3979 | D:3      | Killed from afar by an orc priest

Illustrated notes

Levels and vault maps discovered:
D:1:      onia_arrival_mini_maze, layout_loops_ring, minmay_hedge_maze,
          chequers_avenue
D:2:      layout_basic
D:3:      layout_basic, serial_shops, shop, ebering_ecumenical_altar_box,
          nicolae_elevator_lobby_plus, uniq_jessica

Skill      XL: |  1  2  3  4 |
---------------+-------------+-----
Dodging        | 2 |  2.2
Polearms       | 1 2 |  2.6
Stealth        | 1 |  1.3
Fighting       | |  1.7
Short Blades   | |  0.4
Axes           | |  0.2
Slings         | |  0.5
Throwing       | |  0.2
Unarmed Combat | |  3.4
Spellcasting   | |  2.9
Transmutations | |  2.7

Action                   |  1- 3 |  4- 6 || total
-------------------------+-------+-------++-------
Melee: Unarmed           |    39 |       ||    39
       Kick              |     8 |       ||     8
       Short sword       |    16 |       ||    16
       Trident           |    57 |     6 ||    63
       Tailslap          |     2 |     1 ||     3
       Headbutt          |     3 |     1 ||     4
       Punch             |     1 |       ||     1
       Hand axe          |       |    18 ||    18
 Fire: Hunting sling     |       |     2 ||     2
Throw: Dart              |       |     4 ||     4
 Cast: Beastly Appendage |    23 |     1 ||    24
  Use: Scroll            |     3 |     1 ||     4
 Stab: Sleeping          |     1 |       ||     1
Armor: Skin              |    47 |     5 ||    52
Dodge: Dodged            |    92 |    13 ||   105
       Repelled          |     1 |       ||     1

Table legend: (Time is in decaauts)
 A = Elapsed time spent in this place.
 B = Non-inter-level travel time spent in this place.
 C = Inter-level travel time spent in this place.
 D = Time resting spent in this place.
 E = Time spent auto-exploring this place.
 F = Levels seen in this place.
 G = Mean time per level.
                   A        B        C        D        E       F      G
               +--------+--------+--------+--------+--------+-----+--------+
         Total |   4003 |   4003 |      0 |   1096 |      0 |   3 | 1334.3 |
       Dungeon |   4003 |   4003 |      0 |   1096 |      0 |   3 | 1334.3 |
               +--------+--------+--------+--------+--------+-----+--------+

Top non-repeatable levels by time:
     D:2: 1391 daAuts
     D:1: 1354 daAuts
     D:3: 1257 daAuts
